 Dungeon Crawl Stone Soup version 0.28.0-45-g0d030f2227 (webtiles) character file.

Game seed: 16902689201232193954

2531 Icepheonix32 the Shield-Bearer (level 9, 0/67 (68) HPs)
             Began as a Demonspawn Fighter on Apr 16, 2022.
             Slain by a gnoll
             ... wielding a +0 halberd of distortion
              (18 damage)
             ... on level 6 of the Dungeon.
             The game lasted 00:10:21 (8802 turns).

Icepheonix32 the Shield-Bearer (Demonspawn Fighter) Turns: 8802, Time: 00:10:22

HP:   0/67 (68)     AC:  8    Str: 34    XL:     9   Next: 30%
MP:   0/9           EV: 13    Int:  9    God:
Gold: 56            SH:  9    Dex: 15    Spells: 8/8 levels left

rFire   . . .      SeeInvis +   H - +7 battleaxe "Rittuv Leitt" {pain, Str+6}
rCold   . . .      Faith    .   (shield currently unavailable)
rNeg    . . .      Spirit   +   x - +1 robe of Lilacs {rCorr Str+7}
rPois   .          Reflect  +   (no helmet)
rElec   .          Harm     .   G - +0 cloak
rCorr   +          Rampage  .   (no gloves)
Will    +....                   (no boots)
Stlth   +++.......              B - amulet of reflection
HPRegen 0.21/turn               h - ring of see invisible
MPRegen 0.22/turn               t - ring of willpower

@: lightly drained
A: thin skeletal structure 1, icemail 1, magic shield, magic regeneration, magic
link, condensation shield
a: no special abilities


You were on level 6 of the Dungeon.
You visited 2 branches of the dungeon, and saw 7 of its levels.

You collected 318 gold pieces.
You spent 262 gold pieces at shops.

Inventory:

Hand Weapons
 a - a +0 war axe
 H - the +7 battleaxe "Rittuv Leitt" (weapon) {pain, Str+6}
   (You bought it in a shop on level 2 of the Dungeon)

   In the hands of one skilled in necromantic magic, it inflicts extra damage on
   living creatures.
   Str:       It affects your strength (+6).
Missiles
 A - 3 boomerangs (quivered)
Armour
 b - a +0 scale mail
 c - a +0 buckler
 x - the +1 robe of Lilacs (worn) {rCorr Str+7}
   (You found it on level 5 of the Dungeon)

   Str:       It affects your strength (+7).
   rCorr:     It protects you from acid and corrosion.
 G - a +0 cloak (worn)
Jewellery
 h - a ring of see invisible (left hand)
 r - a ring of ice
 t - a ring of willpower (right hand)
 B - an amulet of reflection (around neck)
 D - a ring of ice
 I - a ring of wizardry
Wands
 m - a wand of iceblast (13)
 n - a wand of polymorph (11)
 s - a wand of acid (9)
 w - a wand of digging (5)
Scrolls
 e - a scroll of vulnerability {unknown}
 g - a scroll of immolation {unknown}
 j - a scroll of noise
 k - a scroll of enchant armour {unknown}
 o - a scroll of enchant weapon
 p - a scroll of fog
 y - a scroll of holy word {unknown}
 z - a scroll of teleportation {unknown}
 F - 3 scrolls of identify
Potions
 d - a potion of attraction {unknown}
 f - a potion of invisibility {unknown}
 i - a potion of ambrosia
 l - 2 potions of brilliance {unknown}
 q - 3 potions of curing {unknown}
 u - a potion of lignification
 v - a potion of cancellation
 E - 2 potions of haste {unknown}


   Skills:
 + Level 5.2 Fighting
 + Level 5.5 Axes
 + Level 1.6 Throwing
 - Level 4.5 Armour
 + Level 4.3 Dodging
 + Level 2.4 Stealth
 - Level 6.3 Shields
 * Level 3.6 Necromancy


You had 8 spell levels left.
You didn't know any spells.
Your spell library was empty.

Dungeon Overview and Level Annotations

Branches:
Dungeon (6/15)             Temple (1/1) D:6

Altars:
Ashenzari
Cheibriados
Dithmenos
Elyvilon
Fedhas
Gozag
Hepliaklqana
Kikubaaqudgha
Makhleb
Okawaru
Qazlal
Ru
Sif Muna
Uskayaw
Vehumet
Xom
Yredelemnul
The Shining One

Shops:
D:2 *(:((   D:4 *   D:6 *


Innate Abilities, Weirdness & Mutations

You have a somewhat thin skeletal structure. (Dex +2, Stealth+)
A meltable icy envelope protects you from harm. (AC +4)
When hurt, damage is shared between your health and your magic reserves.
You regenerate magic rapidly.
When low on magic, you restore magic in place of health.
A meltable shield of frost defends you. (SH +4)


Message History

You closely miss the wight. The wight hits you but does no damage.
The wight misses you.
You barely miss the wight.
The wight hits you with a +5 long sword!
You feel drained.
You slash the wight!
You destroy the wight!
You closely miss the wight. You block the gnoll's attack.
The wight hits you with a +3 long sword!
You closely miss the wight.
The gnoll hits you from afar with a +0 halberd of distortion!
Space warps horribly around you! The wight barely misses you.
The gnoll hits you from afar with a +0 halberd of distortion.
Space warps around you. The wight barely misses you.
You are too injured to fight recklessly!
You are too injured to fight recklessly!
You are too injured to fight recklessly!
You are too injured to fight recklessly!
You are too injured to fight recklessly!
You are too injured to fight recklessly!
You are too injured to fight recklessly!
You are too injured to fight recklessly!
You are too injured to fight recklessly!
You are too injured to fight recklessly!
You are too injured to fight recklessly!
You are too injured to fight recklessly!
You are too injured to fight recklessly!
You are too injured to fight recklessly!
You are too injured to fight recklessly!
Unknown command.
The gnoll closely misses you.
Things that are here:
a +5 long sword; a +0 robe You hit the gnoll.
The gnoll writhes in agony.
The gnoll is heavily wounded.
You barely miss the wight.
The gnoll hits you with a +0 halberd of distortion.
* * * LOW HITPOINT WARNING * * *
Space warps horribly around you!!
You die...

....##...........#
....#####.##.#.#####
.>..# #..........#
....# ####.#.###.#
....# #...# #[# #
#.###
###....##.###.# ...#
.....#........# .⌠.#
.##...g.#.$...# ...#
# ..###@z.###.# #.##
.#. #.#.# .# ..#
#.)÷).# # #.#
......#.# #.#
##.##(....# #.# #..
#.###... #.# ... ...
.#?. ... .#. #.#
.... ### #. ###.


You could see a wight and a gnoll.

Vanquished Creatures
  A gargoyle (D:6)
  A wyvern (D:6)
  2 ice beasts (D:6)
  A black bear (D:6)
  3 ogres
  A centaur (D:5)
  A phantom (D:6)
  2 scorpions
  3 water moccasin skeletons
  2 wights (D:6)
  4 killer bees (D:6)
  3 vampire bats (D:4)
  A howler monkey (D:6)
  Crazy Yiuf (D:5)
  A centaur skeleton (D:5)
  A jelly (D:4)
  2 orc priests
  4 hounds
  4 iguanas
  A scorpion zombie (D:5)
  An orc wizard (D:5)
  A hound skeleton (D:5)
  7 gnolls
  13 adders
  2 white imps
  An ufetubus (D:6)
  A worm (D:2)
  2 dart slugs
  11 orcs
  5 endoplasms
  2 giant cockroaches
  5 goblins
  11 hobgoblins
  3 quokkas
  13 ball pythons
  14 bats
  A frilled lizard (D:1)
  6 kobolds
  8 rats
146 creatures vanquished.

Notes
Turn   | Place    | Note
-------+----------+-------------------------------------------
     0 | D:1      | Icepheonix32 the Demonspawn Fighter began the quest for the
                  | Orb.
     0 | D:1      | Reached XP level 1. HP: 18/18 MP: 1/1
   230 | D:1      | Gained mutation: A meltable shield of frost defends you.
                  | (SH +4) [demonic ancestry]
   230 | D:1      | Reached XP level 2. HP: 24/24 MP: 2/2
   434 | D:1      | Found a faded altar of an unknown god.
   457 | D:1      | Reached skill level 3 in Shields
   761 | D:1      | Gained mutation: You regenerate magic rapidly. [demonic
                  | ancestry]
   761 | D:1      | Reached XP level 3. HP: 27/29 MP: 3/3
  1055 | D:2      | Found Ugulube's Book Shoppe.
  1204 | D:2      | Found a broken altar of Ashenzari.
  1220 | D:2      | Found Zubal's General Store.
  1637 | D:2      | Reached XP level 4. HP: 35/35 MP: 4/4
  1776 | D:2      | Reached skill level 1 in Dodging
  1867 | D:2      | Found Ojoamp's Antique Weapon Boutique.
  1883 | D:2      | Found Ivoruz's Antique Weapon Boutique.
  1997 | D:2      | Found Satir's Antique Weapon Emporium.
  2741 | D:3      | Gained mutation: A meltable icy envelope protects you from
                  | harm. (AC +4) [demonic ancestry]
  2741 | D:3      | Reached XP level 5. HP: 11/41 MP: 5/5
  3647 | D:4      | Reached skill level 4 in Shields
  4083 | D:4      | Gained mutation: You have a somewhat thin skeletal
                  | structure. (Dex +2, Stealth+) [demonic ancestry]
  4083 | D:4      | Reached XP level 6. HP: 9/47 MP: 6/6
  4457 | D:4      | Found Goawnubbio's CLEARANCE SALE!.
  4471 | D:4      | Bought a potion of lignification for 9 gold pieces
  4894 | D:4      | Reached skill level 5 in Shields
  5209 | D:4      | Gained mutation: When hurt, damage is shared between your
                  | health and your magic reserves. [demonic ancestry]
  5209 | D:4      | Reached XP level 7. HP: 52/53 MP: 7/7
  5309 | D:5      | Entered Level 5 of the Dungeon
  5394 | D:5      | Identified the +1 robe of Lilacs {rCorr Str+7}
  5578 | D:5      | Reached skill level 6 in Shields
  6111 | D:4      | Reached skill level 1 in Stealth
  6316 | D:4      | Reached skill level 1 in Throwing
  6325 | D:5      | Gained mutation: When low on magic, you restore magic in
                  | place of health. [demonic ancestry]
  6325 | D:5      | Reached XP level 8. HP: 57/60 MP: 8/8
  6597 | D:5      | Found an ancient bone altar of Kikubaaqudgha.
  6597 | D:5      | Found a shimmering blue altar of Sif Muna.
  6732 | D:5      | Found a burning altar of Makhleb.
  6819 | D:5      | Found a runed translucent door.
  6820 | D:5      | Noticed Crazy Yiuf
  6825 | D:5      | Killed Crazy Yiuf
  6947 | D:2      | Bought an encrusted battleaxe for 253 gold pieces
  6947 | D:2      | Identified the +7 battleaxe "Rittuv Leitt" {pain, Str+6}
                  | (You bought it in a shop on level 2 of the Dungeon)
  7145 | D:6      | Reached skill level 1 in Necromancy
  7150 | D:6      | Found Mahiago's Assorted Antiques.
  7322 | D:6      | Found a snail-covered altar of Cheibriados.
  7597 | D:6      | Noticed a gargoyle
  7614 | D:6      | Killed a gargoyle
  7615 | D:6      | Reached skill level 5 in Fighting
  7615 | D:6      | Reached XP level 9. HP: 17/68 MP: 4/9
  7927 | D:6      | Found a staircase to the Ecumenical Temple.
  7936 | Temple   | Entered the Ecumenical Temple
  8431 | D:6      | Reached skill level 5 in Axes
  8802 | D:6      | Slain by a gnoll

Illustrated notes

Levels and vault maps discovered:
D:1:      dpeg_chamrin_arrival_tetris, layout_basic,
          hellmonk_ecumenical_altar_pennies_from_heaven,
          chequers_serial_rivers_micro_e, minivault_23,
          ebering_dispersal_statue_hall
D:2:      layout_loops_ring, serial_shops, nicolae_square_shop,
          nicolae_shop_crystal, shop, nicolae_shop_statue_plus, shop,
          basic_altar, minivault_11, minmay_shallow_snake_nest
D:3:      layout_loops_corners
D:4:      layout_loops_corners, roderic_batcave, nicolae_shop_clearance
D:5:      layout_cave_pools, mainiacjoe_overflow_paths,
          gammafunk_temple_overflow_claw, uniq_crazy_yiuf_cottage
D:6:      layout_loops_ring, mainiacjoe_overflow_24_doors,
          minmay_temple_entry_antechambers, serial_shops, nicolae_shop_stone,
          kennysheep_nondescript, minmay_fractal_squares_5
Temple:   oiseaux_autumnal_temple

Skill      XL: |  1  2  3  4  5  6  7  8  9 |
---------------+----------------------------+-----
Axes           | 2 4 5 |  5.5
Shields        | 3 4 5 6 |  6.3
Armour         | 3 4 |  4.5
Dodging        | 1 3 4 |  4.3
Fighting       | 4 5 |  5.2
Stealth        | 1 2 |  2.4
Throwing       | 1 |  1.6
Necromancy     | 3 |  3.6

Action                   |  1- 3 |  4- 6 |  7- 9 || total
-------------------------+-------+-------+-------++-------
Melee: War axe           |   104 |   238 |    85 ||   427
       Battleaxe         |       |       |    77 ||    77
Throw: Boomerang         |       |       |    11 ||    11
  Use: Scroll            |       |       |     5 ||     5
       Potion            |       |       |     2 ||     2
 Stab: Sleeping          |       |       |     1 ||     1
Armor: Scale mail        |    43 |   115 |    33 ||   191
       Robe              |       |       |    54 ||    54
Dodge: Dodged            |    46 |   119 |   116 ||   281
Block: Buckler           |    44 |   155 |    60 ||   259
       Other             |       |       |    56 ||    56
       Reflection        |       |       |     4 ||     4
